 Dungeon Crawl Stone Soup version 0.18.1-6-gd335043 (webtiles) character file.

36615 Implojin the Martial Artist (level 13, 0/108 HPs)
             Began as a Mummy Monk on May 20, 2016.
             Slain by a seven-headed hydra (5 damage)
             ... on level 7 of the Lair of Beasts.
             The game lasted 01:13:39 (34599 turns).

Implojin the Martial Artist (Mummy Monk)           Turns: 34599, Time: 01:13:39

Health: 0/108      AC: 12    Str: 18    XL:     13   Next: 54%
Magic:  13/13      EV: 24    Int:  9    God:
Gold:   1105       SH:  0    Dex: 18    Spells: 0 memorised, 12 levels left

rFire  x . .     SeeInvis .       - Unarmed
rCold  + . .     Gourm    .     (no armour)
rNeg   + + +     Faith    .     (no shield)
rPois  ∞         Spirit   .     i - +2 helmet
rElec  .         Dismiss  .     t - +2 cloak
rCorr  .         Reflect  .     V - +2 pair of gloves
SustAt .         Harm     .     c - +2 pair of boots
MR     +....                    (no amulet)
Stlth  ++........               g - +3 ring of evasion
                                M - +2 ring of strength

@: somewhat resistant to hostile enchantments, unstealthy
A: no food or potions, fire vulnerability, cold resistance 1, negative energy
resistance 3, torment resistance, unbreathing, in touch with death 1, restore
body
a: Self-Restoration


You were on level 7 of the Lair of Beasts.
You were not hungry.

You visited 2 branches of the dungeon, and saw 19 of its levels.
You also visited: Sewer and Ossuary.

You collected 1210 gold pieces.
You spent 105 gold pieces at shops.

Inventory:

Armour
 c - a +2 pair of boots (worn)
 i - a +2 helmet (worn)
 q - a +0 buckler
 t - a +2 cloak (worn)
 N - a troll hide
 V - a +2 pair of gloves (worn)
Jewellery
 a - an uncursed ring of loudness
 g - a +3 ring of evasion (right hand)
 l - an uncursed amulet of rage {unknown}
 D - a +2 amulet of reflection {unknown}
 G - the ring "Esodihay" {+Fly Slay+3 Stlth+, verboten}
   (You found it on level 7 of the Dungeon)

   [ring of flight]

   It affects your accuracy and damage with ranged weapons and melee attacks
   (+3).
   It lets you fly.
   It makes you more stealthy.
 L - an uncursed ring of magical power
 M - a +2 ring of strength (left hand)
 T - an uncursed amulet of magic regeneration {unknown}
 U - an uncursed ring of protection from magic
 X - an uncursed ring of flight
Wands
 h - a wand of digging (4/24)
 j - a wand of lightning (8/15)
 s - a wand of heal wounds (1/9)
 J - a wand of teleportation (4/9)
 O - a wand of lightning (11/15)
 R - a wand of enslavement (16/24)
 Y - a wand of lightning (9/15)
Scrolls
 b - 2 scrolls of immolation
 d - 8 scrolls of identify
 e - 3 scrolls of recharging
 k - 2 scrolls of blinking
 m - a scroll of random uselessness
 n - a scroll of fear
 o - 10 scrolls of remove curse
 p - a scroll of magic mapping
 r - 2 scrolls of enchant weapon
 u - 3 scrolls of noise
 y - 3 scrolls of amnesia
 H - a scroll of brand weapon
 P - a scroll of summoning
 Q - 2 scrolls of teleportation
 W - a scroll of holy word
Potions
 v - 10 potions of curing {unknown}
 w - 3 potions of agility {unknown}
 z - 3 potions of brilliance {unknown}
 A - 3 potions of flight {unknown}
 B - 5 potions of might {unknown}
 C - 3 potions of heal wounds {unknown}
 E - a potion of cancellation {unknown}
 F - 3 potions of lignification {unknown}
 I - a potion of resistance {unknown}
Books
 K - a book of Maledictions

   Spells                             Type                      Level
   a - Corona                         Hexes                        1
   b - Ensorcelled Hibernation        Hexes/Ice                    2
   c - Confuse                        Hexes                        3
   d - Tukima's Dance                 Hexes                        3
   e - Dazzling Spray                 Conjuration/Hexes            3
 S - a book of Fire

   Spells                             Type                      Level
   a - Ignite Poison                  Fire/Transmutation/Poison    3
   b - Fireball                       Conjuration/Fire             5
   c - Bolt of Fire                   Conjuration/Fire             6
   d - Delayed Fireball               Conjuration/Fire             7
   e - Ring of Flames                 Charms/Fire                  7
Comestibles
 f - 8 bread rations (quivered)
 x - 2 royal jellies


   Skills:
 - Level 12.0 Fighting
 - Level 11.0 Dodging
 - Level 1.5 Stealth
 * Level 13.6 Unarmed Combat


You had 12 spell levels left.
You didn't know any spells.

Dungeon Overview and Level Annotations

Branches:
Dungeon (11/15)            Temple (0/1) D:7            Lair (8/8) D:9
  Swamp (0/4) Lair:3       Spider (0/4) Lair:5        Slime (0/6) Lair:7
    Orc: D:9-12

Altars:
Cheibriados
Kikubaaqudgha
Nemelex Xobeh
Pakellas
Xom
Yredelemnul
The Shining One

Shops:
D:5 %   D:6 *   D:9 *

Annotations:
D:3 !sky beast parked come back
D:8 Gastronok
Lair:4 exclusion: downstairs
Lair:5 !2x hydras wandering, one near stairs, 5h+7h


Innate Abilities, Weirdness & Mutations

You do not eat or drink.
Your flesh is vulnerable to fire.
You are immune to poison.
Your flesh is cold resistant.
You are immune to negative energy.
You are immune to unholy pain and torment.
You can survive without breathing.
You are in touch with the powers of death.
You can restore your body by infusing magical energy.


Message History

The seven-headed hydra barely misses you.
The seven-headed hydra closely misses you.
The seven-headed hydra completely misses you.
The seven-headed hydra bites you but does no damage.
The seven-headed hydra misses you.
The seven-headed hydra bites you but does no damage.
The seven-headed hydra bites you.
You punch the seven-headed hydra!
The seven-headed hydra is almost dead.
Unknown command.
You barely miss the seven-headed hydra.
The seven-headed hydra is almost dead.
The seven-headed hydra barely misses you.
The seven-headed hydra bites you but does no damage.
The seven-headed hydra bites you! The seven-headed hydra bites you.
The seven-headed hydra misses you.
The seven-headed hydra closely misses you.
The seven-headed hydra bites you.
* * * LOW HITPOINT WARNING * * *
You completely miss the seven-headed hydra.
The seven-headed hydra is almost dead.
The seven-headed hydra misses you.
The seven-headed hydra barely misses you.
The seven-headed hydra bites you.
* * * LOW HITPOINT WARNING * * *
The seven-headed hydra barely misses you.
The seven-headed hydra bites you!
* * * LOW HITPOINT WARNING * * *
The seven-headed hydra completely misses you. x2
You hit the seven-headed hydra.
The seven-headed hydra is almost dead.
The seven-headed hydra bites you!
* * * LOW HITPOINT WARNING * * *
The seven-headed hydra bites you!
* * * LOW HITPOINT WARNING * * *
The seven-headed hydra bites you!
* * * LOW HITPOINT WARNING * * *
The seven-headed hydra closely misses you. x3
The seven-headed hydra bites you.
You die...

...#.#.....#.#### #..............
#...##.......#..####...####......
.#...............##...PP.#.......
##..#...................P#.......
#......................P.........
#................#......#........
##................#.............}
#.................#P.............
................@##..............
..........<......D##.............
...................#.............
P##...............#..............
###..............................
##...#........................P..
##P..............................
....(........................#...
.................#...............


You could see a seven-headed hydra.

Vanquished Creatures
  A hydra (Lair:4)
  2 catoblepae
  An ogre mage (D:10)
  Nergalle (Lair:4)
  A hill giant (D:9)
  Pikel (D:7)
  A wolf spider zombie (D:8)
  4 elephants (Lair:6)
  6 black mambas
  A torpor snail (Lair:5)
  12 spiny frogs
  A kobold demonologist (D:11)
  7 komodo dragons
  A two-headed ogre (D:9)
  2 trolls
  14 blink frogs
  Grinder (D:3)
  A wraith (D:11)
  3 wyverns
  8 hippogriffs
  48 yaks
  A hungry ghost (D:11)
  2 basilisks
  9 water moccasins
  4 slaves (D:7)
  15 porcupines
  4 orc warriors
  An ice beast (D:6)
  4 sky beasts
  2 phantoms
  The ghost of SpyPoet the Slasher, an amateur MiBe of Trog (D:3)
  An eye of draining (D:9)
  11 wolves
  4 centaurs
  4 ogres
  14 crocodiles
  A big kobold (Sewer)
  An elf zombie (Ossuary)
  15 giant frogs
  A water moccasin zombie (D:10)
  4 scorpions
  2 wyvern skeletons
  4 killer bees (D:7)
  5 wights (D:9)
  3 electric eels
  6 crimson imps
  A giant frog zombie (D:11)
  2 human zombies (Ossuary)
  2 quasits
  4 centaur zombies
  A giant frog skeleton (D:6)
  3 hounds
  5 orc priests
  A jelly (D:7)
  8 orc wizards
  2 centaur skeletons
  Ijyb (D:2)
  7 iguanas
  11 worker ants
  6 sheep (Lair:4)
  4 hound zombies (Ossuary)
  A hound skeleton (D:9)
  3 mummies (Ossuary)
  Robin (D:1)
  8 adders
  67 river rats
  3 shadow imps
  2 oozes
  6 adder zombies
  An adder skeleton (D:4)
  3 worms
  A dart slug (D:2)
  10 giant geckos
  29 orcs
  6 ball pythons
  4 giant cockroaches
  15 goblins
  15 hobgoblins
  4 jackals
  21 kobolds
  3 quokkas
  5 bats
  8 giant newts
  3 gnoll zombies (Ossuary)
  4 goblin zombies (Ossuary)
  5 hobgoblin zombies (Ossuary)
  A jackal skeleton (D:6)
  6 jackal zombies (Ossuary)
  3 kobold zombies (Ossuary)
  An orc zombie (Ossuary)
  A quokka skeleton (D:8)
  30 rats
  3 rat zombies (Ossuary)
567 creatures vanquished.

Vanquished Creatures (others)
  An orc wizard (D:9)
  4 bushes (D:10)
  11 fungi
  2 plants
18 creatures vanquished.

Grand Total: 585 creatures vanquished

Notes
Turn   | Place    | Note
--------------------------------------------------------------
     0 | D:1      | Implojin the Mummy Monk began the quest for the Orb.
     0 | D:1      | Reached XP level 1. HP: 18/18 MP: 1/1
   529 | D:1      | Reached XP level 2. HP: 19/24 MP: 2/2
  1172 | D:2      | Reached skill level 4 in Unarmed Combat
  1481 | D:2      | Reached XP level 3. HP: 8/29 MP: 3/3
  1829 | D:2      | Found a snail-covered altar of Cheibriados.
  2171 | D:2      | Noticed Robin
  2587 | D:1      | Killed Robin
  2587 | D:1      | Reached XP level 4. HP: 21/35 MP: 4/4
  3007 | D:2      | Noticed Ijyb
  3035 | D:2      | Paralysed by Ijyb for 5 turns
  3047 | D:2      | Killed Ijyb
  3047 | D:2      | Reached skill level 5 in Unarmed Combat
  3706 | D:3      | Noticed SpyPoet's ghost (amateur MiBe)
  4087 | D:3      | Found an ancient bone altar of Kikubaaqudgha.
  4761 | D:3      | Reached XP level 5. HP: 38/41 MP: 5/5
  5066 | D:3      | Noticed Grinder
  5098 | D:3      | Paralysed by Grinder for 5 turns
  5114 | D:3      | Paralysed by Grinder for 5 turns
  5309 | D:3      | Paralysed by Grinder for 7 turns
  5323 | D:3      | Killed Grinder
  5323 | D:3      | Reached skill level 6 in Unarmed Combat
  5323 | D:3      | Reached XP level 6. HP: 47/47 MP: 6/6
  5523 | D:3      | Killed SpyPoet's ghost
  5720 | D:3      | Found a shimmering altar of Xom.
  6128 | D:4      | Noticed a sky beast
  6781 | D:4      | Reached skill level 7 in Unarmed Combat
  6906 | D:4      | Reached XP level 7. HP: 31/53 MP: 7/7
  7186 | D:4      | Found an oddly glowing altar of Pakellas.
  7292 | D:5      | Entered Level 5 of the Dungeon
  7292 | D:5      | Found a basalt altar of Yredelemnul.
  7419 | D:5      | Reached skill level 4 in Fighting
  7732 | D:5      | Reached skill level 5 in Fighting
  7737 | D:5      | Found a glowing drain.
  7760 | Sewer    | Entered a sewer
  8532 | Sewer    | Reached skill level 6 in Fighting
  8849 | D:5      | Reached XP level 8. HP: 45/65 MP: 8/8
  8919 | D:5      | Reached skill level 7 in Fighting
  9103 | D:5      | Found Jaumycee's Food Shop.
  9368 | D:5      | Noticed a troll
  9469 | D:6      | Reached skill level 8 in Fighting
  9564 | D:6      | Found Qanecod's General Store.
  9613 | D:6      | Found a sparkling altar of Nemelex Xobeh.
  9629 | D:6      | Found a sand-covered staircase.
  9634 | Ossuary  | Entered an ossuary
  9942 | Ossuary  | Reached skill level 9 in Fighting
 10595 | D:6      | Reached XP level 9. HP: 76/76 MP: 9/9
 10908 | D:7      | Got a slimy marble ring
 10974 | D:7      | Found a staircase to the Ecumenical Temple.
 11439 | D:7      | Noticed Pikel
 11656 | D:7      | Killed Pikel
 11656 | D:7      | Reached skill level 8 in Unarmed Combat
 12016 | D:8      | Found a glowing golden altar of the Shining One.
 12026 | D:8      | Reached skill level 9 in Unarmed Combat
 12332 | D:8      | Reached skill level 4 in Dodging
 12821 | D:8      | Noticed Gastronok
 12879 | D:8      | Reached skill level 5 in Dodging
 14058 | D:9      | Identified the ring "Esodihay" {+Fly Slay+3 Stlth+} (You found it on level 7 of the Dungeon)
 14106 | D:9      | Reached XP level 10. HP: 72/83 MP: 10/10
 14119 | D:9      | Reached skill level 6 in Dodging
 14179 | D:9      | Found a staircase to the Lair.
 14534 | D:9      | Found Xenkeame's General Store.
 14541 | D:9      | Bought a +2 ring of strength for 105 gold pieces
 15554 | D:10     | Entered Level 10 of the Dungeon
 15700 | D:10     | Reached skill level 10 in Unarmed Combat
 16529 | D:10     | Noticed a hill giant
 16710 | D:9      | Killed a hill giant
 16989 | D:11     | Reached skill level 11 in Unarmed Combat
 17109 | D:11     | Noticed a manticore
 17832 | D:10     | Noticed an ogre mage
 18065 | D:10     | Reached XP level 11. HP: 83/90 MP: 11/11
 18111 | D:10     | Reached skill level 10 in Fighting
 18593 | D:10     | Killed an ogre mage
 19180 | D:11     | Reached skill level 11 in Fighting
 19679 | Lair:1   | Entered Level 1 of the Lair of Beasts
 20957 | Lair:1   | Reached skill level 12 in Unarmed Combat
 21721 | Lair:2   | Reached skill level 7 in Dodging
 23286 | Lair:3   | Reached skill level 8 in Dodging
 23294 | Lair:3   | Reached XP level 12. HP: 71/100 MP: 12/12
 23921 | Lair:3   | Found a staircase to the Swamp.
 24503 | Lair:3   | Reached skill level 9 in Dodging
 24733 | Lair:4   | Noticed Nergalle
 24979 | Lair:4   | Killed Nergalle
 25123 | Lair:4   | Noticed a four-headed hydra
 25137 | Lair:4   | Killed a four-headed hydra
 25529 | Lair:4   | Reached skill level 10 in Dodging
 27415 | Lair:4   | Reached skill level 11 in Dodging
 27676 | Lair:5   | Found a hole to the Spider Nest.
 27729 | Lair:5   | Noticed a catoblepas
 28116 | Lair:5   | Noticed a seven-headed hydra
 28374 | Lair:5   | Killed a catoblepas
 29602 | Lair:4   | Reached skill level 12 in Fighting
 29968 | Lair:5   | Noticed a five-headed hydra
 30394 | Lair:4   | Gained mutation: You are in touch with the powers of death. [Mummy growth]
 30394 | Lair:4   | Gained mutation: You can restore your body by infusing magical energy. [Mummy growth]
 30394 | Lair:4   | Reached XP level 13. HP: 37/108 MP: 13/13
 32965 | Lair:7   | Found a staircase to the Slime Pits.
 33008 | Lair:7   | Reached skill level 13 in Unarmed Combat
 33843 | Lair:8   | Entered Level 8 of the Lair of Beasts
 34599 | Lair:7   | HP: 5/108 [seven-headed hydra (12)]
 34599 | Lair:7   | Slain by a seven-headed hydra

Skill      XL: |  1  2  3  4  5  6  7  8  9 10 11 12 13 |
---------------+----------------------------------------+-----
Unarmed Combat | 4 5 6 7 9 11 12 13 | 13.6
Fighting       | 6 9 11 12 | 12.0
Dodging        | 5 6 8 11 | 11.0
Stealth        | |  1.5

Action                   |  1- 3 |  4- 6 |  7- 9 | 10-12 | 13-15 || total
-------------------------+-------+-------+-------+-------+-------++-------
Melee: Unarmed           |   182 |   296 |   837 |  1333 |   417 ||  3065
       Punch             |     4 |     5 |    33 |    91 |    37 ||   170
  Use: Scroll            |       |     7 |     7 |    17 |     3 ||    34
 Stab: Sleeping          |       |       |     6 |     6 |     1 ||    13
       Distracted        |       |       |       |     1 |       ||     1
Armor: Skin              |    15 |    41 |   152 |   163 |    65 ||   436
Dodge: Dodged            |   101 |   178 |   546 |   889 |   464 ||  2178

Table legend:
 A = Turns spent in this place as a percentage of turns spent in the entire game.
 B = Non-inter-level travel turns spent in this place as a percentage of non-inter-level travel turns spent in the entire game.
 C = Inter-level travel turns spent in this place as a percentage of turns spent in this place.
 D = Turns resting spent in this place as a percentage of non-inter-level travel turns spent in this place.
 E = Turns spent auto-exploring this place as a percentage of non-inter-level travel turns spent in this place.
 F = Non-inter-level travel turns spent in this place divided by the number of levels of this place that you've seen.
                   A       B       C       D       E      F
               +-------+-------+-------+-------+-------+----------------------
         Total | 100.0 | 100.0 |   0.3 |   4.2 |   3.3 | 525.2
       Dungeon |  52.1 |  52.1 |   0.4 |   4.2 |   4.1 | 522.2
          Lair |  39.3 |  39.3 |   0.3 |   4.7 |   3.0 | 542.2
         Sewer |   5.0 |   5.0 |   0.0 |   2.2 |   0.4 | 550.0
       Ossuary |   3.6 |   3.6 |   0.0 |   2.5 |   0.3 | 397.0
               +-------+-------+-------+-------+-------+----------------------

Table legend:
 A = Kills in this place as a percentage of kills in entire the game.
 B = Kills by you in this place as a percentage of kills by you in the entire game.
 C = Kills by friends in this place as a percentage of kills by friends in the entire game.
 D = Other kills in this place as a percentage of other kills in the entire game.
 E = Experience gained in this place as a percentage of experience gained in the entire game.
 F = Experience gained in this place divided by the number of levels of this place that you have seen.
                   A       B       C       D       E      F
               +-------+-------+-------+-------+-------+----------------------
         Total | 100.0 | 100.0 |  -nan | 100.0 | 100.0 | 2490.9
       Dungeon |  44.0 |  43.9 |  -nan | 100.0 |  26.2 | 1246.5
          Lair |  40.2 |  40.3 |  -nan |   0.0 |  72.5 | 4738.8
         Sewer |   8.5 |   8.5 |  -nan |   0.0 |   0.5 | 258.0
       Ossuary |   7.3 |   7.3 |  -nan |   0.0 |   0.8 | 428.0
               +-------+-------+-------+-------+-------+----------------------
